 Dungeon Crawl Stone Soup version 0.22-a0-149-g870e420 (webtiles) character file.

4 Gorglomux the Grave Robber (level 1, 0/15 HPs)
             Began as a Minotaur Necromancer on Feb 7, 2018.
             Slain by a hobgoblin
             ... wielding a +0 club
              (4 damage)
             ... on level 1 of the Dungeon.
             The game lasted 00:00:43 (172 turns).

Gorglomux the Grave Robber (Minotaur Necromancer)    Turns: 172, Time: 00:00:44

Health: 0/15       AC:  2    Str: 12    XL:     1   Next: 58%
Magic:  0/1        EV: 12    Int: 12    God:
Gold:   12         SH:  0    Dex: 10    Spells: 1/2 levels left

rFire    . . .     SeeInvis .   (no weapon)
rCold    . . .     Gourm    .   (no shield)
rNeg     . . .     Faith    .   a - +0 robe
rPois    .         Spirit   .   (helmet restricted)
rElec    .         Reflect  .   (no cloak)
rCorr    .         Harm     .   (no gloves)
MR       .....                  (no boots)
Stlth    ++........             (no amulet)
HPRegen  0.05/turn              (no ring)
MPRegen  0.07/turn              (no ring)

@: no status effects
A: retaliatory headbutt, horns 2
a: no special abilities


You were on level 1 of the Dungeon.
You were not hungry.

You visited 1 branch of the dungeon, and saw 1 of its levels.

You collected 12 gold pieces.

Inventory:

Armour
 a - a +0 robe (worn)
Books
 b - a book of Necromancy

   Spells                             Type                      Level
   a - Pain                           Necromancy                   1
   b - Animate Skeleton               Necromancy                   1
   c - Vampiric Draining              Necromancy                   3
   d - Regeneration                   Charms/Necromancy            3
   e - Animate Dead                   Necromancy                   4
Comestibles
 c - a ration


   Skills:
 + Level 0.6 Fighting
 + Level 0.6 Armour
 + Level 2.3 Dodging
 - Level 1.5 Stealth
 - Level 1.3 Spellcasting
 - Level 2.9 Necromancy


You had one spell level left.
You knew the following spells:

 Your Spells              Type           Power        Failure   Level  Hunger
a - Pain                  Necr           #...         9%          1    ##.....


Dungeon Overview and Level Annotations

Branches:
Dungeon (1/15)

Altars:


Innate Abilities, Weirdness & Mutations

You reflexively headbutt those who attack you in melee.
You have a pair of horns on your head.


Message History

Press: ? - help, Shift-Dir - straight line, f - hobgoblin
Aim: a hobgoblin, wielding a club (chance to defeat MR: 71%)
The hobgoblin writhes in agony!!!
The hobgoblin hits you with a club! * * * don't die
* * *
Casting: Pain (safe; 9% risk of failure)
Confirm with ! or Enter, or press ? or * to list all spells!
You don't have enough magic to cast that spell!
Casting: Pain (safe; 9% risk of failure)
Confirm with ! or Enter, or press ? or * to butt butt spells!
Aiming: Pain (safe; 9% risk of failure)
Press: ? - help, Shift-Dir - straight line, f/p - hobgoblin
Aim: a hobgoblin, wielding a club (moderately wounded, chance to defeat MR: 71%)
The hobgoblin writhes in agony!!!
Casting: Butt (safe; 9% risk of failure) Butt with ! or Enter, or press ? or * to list all spells!
Aiming: Pain (safe; 9% risk of failure)
Press: ? - help, Shift-Dir - butt line, f/p - hobgoblin
Aim: a hobgoblin, wielding a club (butt dead, chance to defeat MR: 71%)
The hobgoblin struggles to resist!
The hobgoblin hits you with a club! rip

#.## # ############.# #
##...##.......# #
######..#..g..###..# #
#....#..####.#..#..######
#.<).'..#..'.#..#........
#....#.g#..#g#..#........
######.g####.#..#.......#
#..@....#..#.#######
##############


You could see 2 hobgoblins.

Vanquished Creatures
  A leopard gecko (D:1)
  A bat (D:1)
  A goblin (D:1)
3 creatures vanquished.

Notes
Turn   | Place    | Note
-------+----------+-------------------------------------------
     0 | D:1      | Gorglomux the Minotaur Necromancer began the quest for the Orb.
     0 | D:1      | Reached XP level 1. HP: 14/14 MP: 1/1
   172 | D:1      | Slain by a hobgoblin

Vault maps used:
D:1:      dpeg_arrival_erosion

Action                   || total
-------------------------++-------
Melee: Unarmed           ||     9
 Cast: Pain              ||     5
Armor: Robe              ||     5
Dodge: Dodged            ||    16

Table legend:
 A = Spawn XP
 B = Non-spawn XP
 C = Spawn XP percentage of total XP
 D = Spawn monster count
 E = Non-spawn monster count
 F = Spawn count percentage of total count
 G = Total turns spent on level
                    A         B        C        D         E        F      G
               +---------+---------+-------+---------+---------+-------+---------
         Total |       0 |       7 |   0.0 |       0 |       3 |   0.0 |   172
               +---------+---------+-------+---------+---------+-------+---------
           D:1 |       0 |       7 |   0.0 |       0 |       3 |   0.0 |   172
               +---------+---------+-------+---------+---------+-------+---------
